cohdb
Replays
Latest Replays
All Replays
Popular Replays
Top Player Replays
Match Explorer
How It Works
Community
CoH3 Stats
Reddit
Sign in to upload your games and track your stats! →
Sign in with Steam
Match 43421040
Unlisted
Match 43421040
Overview
Messages
Build Orders
End
Construct Section Command Post
Selects Australian Defense Battlegroup
Selects Australian Light Infantry Section
Dingo Light Scout Car
Infantry Section
Infantry Section
Vickers Machine Gun Team
Construct Platoon Command Post
Selects 2-pounder Anti-tank Gun Team
Humber Armored Car
Infantry Training
2-pounder Anti-tank Gun Team
2-pounder Anti-tank Gun Team
Infantry Section
Construct Company Command Post
Selects Vehicle Over Repair
Foot Guards Section
Selects CMP 15cwt Supply Run
Crusader II Medium Tank
Selects Reinforced Resource Caches
Crusader II Medium Tank
AI Takeover
Symbiosis
CAuMOH
*Mule
FeriG
0
0
Comments
sign in to comment!
No comments posted yet!